 Dungeon Crawl Stone Soup version 0.22-a0-196-gee22f27 (webtiles) character file.

9777 4thArraOfDagon the Spear-Bearer (level 11, -1/129 HPs)
             Began as a Demigod Gladiator on Feb 17, 2018.
             Slain by a minotaur
             ... wielding a cursed staff of death
              (13 damage)
             ... in a labyrinth.
             The game lasted 00:24:30 (7134 turns).

4thArraOfDagon the Spear-Bearer (Demigod Gladiator) Turns: 7134, Time: 00:24:31

Health: -1/129     AC: 18    Str: 22    XL:     11   Next: 7%
Magic:  14/14      EV: 19    Int: 18    God:
Gold:   330        SH:  0    Dex: 22    Spells: 8/10 levels left

rFire    . . .     SeeInvis .   l - +4 glaive (protect)
rCold    + . .     Gourm    .   (shield currently unavailable)
rNeg     . . .     Faith    .   x - +0 scale mail {rC+}
rPois    .         Spirit   .   c - +1 helmet
rElec    .         Reflect  .   E - +2 cloak {MR+}
rCorr    .         Harm     .   (no gloves)
MR       ++...                  (no boots)
Stlth    ..........             (no amulet)
HPRegen  0.31/turn              y - +2 ring of evasion
MPRegen  0.14/turn              (no ring)

@: agile, berserking, protection aura, very quick
A: high mp 1
a: no special abilities


You were in a labyrinth.
You were not hungry.

You visited 1 branch of the dungeon, and saw 11 of its levels.
You also visited: Labyrinth and Sewer.

You collected 470 gold pieces.
You spent 140 gold pieces at shops.

Inventory:

Hand Weapons
 a - a +1 quarterstaff
 l - a +4 glaive of protection (weapon)
 F - a +0 blowgun
Missiles
 d - 2 throwing nets (quivered)
 J - 9 curare-tipped needles
Armour
 c - a +1 helmet (worn)
 x - a +0 scale mail of cold resistance (worn)
 E - a +2 cloak of magic resistance (worn)
Magical Staves
 u - an uncursed staff of death
Jewellery
 y - a +2 ring of evasion (left hand)
Wands
 e - a wand of flame (15)
 o - a wand of acid (3)
 v - a wand of paralysis (1)
 K - a wand of polymorph (9)
 L - a wand of digging (13)
Scrolls
 g - a scroll of silence {unknown}
 h - 2 scrolls of blinking
 i - 3 scrolls of remove curse
 t - 2 scrolls of amnesia {unknown}
 A - 2 scrolls of fog
 B - 3 scrolls of noise
 C - a scroll of enchant armour
 D - a scroll of magic mapping {unknown}
 G - a scroll of teleportation
 H - a scroll of torment {unknown}
Potions
 b - a potion of lignification
 j - a potion of mutation
 k - 7 potions of curing
 m - a potion of flight
 n - 2 potions of cancellation
 p - 3 potions of heal wounds
 q - 4 potions of agility
 r - 2 potions of brilliance
 s - 5 potions of might
 w - a potion of invisibility
 z - 3 potions of haste
Comestibles
 f - 12 rations


   Skills:
 - Level 5.0 Fighting
 * Level 14.7(14.8) Polearms
 - Level 3.0(10.3) Staves
 - Level 1.7 Throwing
 - Level 3.0 Dodging


You had 8 spell levels left.
You knew the following spells:

 Your Spells              Type           Power        Failure   Level  Hunger
a - Blink                 Tloc           N/A          67%         2    ###....


Dungeon Overview and Level Annotations

Branches:
Dungeon (11/15)            Temple (0/1) D:4            Lair (0/6) D:10
    Orc: D:9-12

Shops:
D:7 !

Annotations:
D:3 tsouns's ghost, amateur OpMo


Innate Abilities, Weirdness & Mutations

You have an increased reservoir of magic. (+10% MP)


Message History

You feel yourself moving faster!
You feel mighty!
The minotaur hits you with a staff of death!
You writhe in agony!
The minotaur gores you!
You slice the minotaur!!
Your weapon exudes an aura of protection.
The minotaur is moderately wounded.
You slash the minotaur!
The minotaur is heavily wounded.
The minotaur hits you with a staff of death!
You writhe in agony!
The minotaur gores you!
You barely miss the minotaur.
The minotaur furiously retaliates!
The minotaur headbutts you!!
* * * LOW HITPOINT WARNING * * *
The minotaur is heavily wounded.
You hit the minotaur but do no damage.
The minotaur is heavily wounded.
The minotaur hits you with a staff of death!!
* * * LOW HITPOINT WARNING * * *
You writhe in agony!
You die...

. # . #. .# # .# ##
.#.## # #[..... #
#### #.#.≈ ≈P..# #.
. #.#.≈♣≈P#.
##..##.#####.#. ≈≈P
.#
.......@H........P
..#
.#########...####..#
# #...# . .. .H
'..##. ##
?8:8.8#.... .
#######.#.## # .. .#
.#. .# #.#..


You could see a minotaur.

Vanquished Creatures
  A centaur warrior (D:10)
  A two-headed ogre (D:9)
  Sonja (D:10)
  Pikel (D:7)
  Maurice (D:8)
  A kobold demonologist (D:10)
  A minotaur skeleton (Lab)
  A troll (D:10)
  2 hippogriffs
  Sigmund (D:4)
  2 redbacks (Lab)
  A wraith (D:9)
  3 hungry ghosts
  Duvessa (D:6)
  Edmund (D:6)
  A water moccasin (D:8)
  4 orc warriors
  4 sky beasts
  2 ice beasts
  A slave (D:7)
  An eye of draining (D:9)
  5 ogres
  2 necrophages
  4 phantoms
  2 centaurs
  4 big kobolds
  Blork the orc (D:4)
  6 bullfrogs
  Dowan (D:6)
  A scorpion (D:10)
  4 killer bees (D:9)
  7 wights
  2 howler monkeys
  6 crimson imps
  4 lava snakes (Lab)
  4 centaur zombies
  A jelly (D:9)
  2 hounds
  4 orc priests
  4 orc wizards
  An iguana (D:9)
  6 worker ants
  A killer bee zombie (D:10)
  2 hound zombies
  4 hound skeletons
  A howler monkey zombie (D:9)
  2 worker ant zombies (D:9)
  12 adders
  9 river rats (Sewer)
  A shadow imp (D:7)
  An adder skeleton (D:8)
  4 worms
  A dart slug (D:1)
  4 leopard geckos
  29 orcs
  5 bats
  2 giant cockroaches
  16 goblins
  10 hobgoblins
  4 quokkas
  6 ball pythons
  5 frilled lizards
  23 kobolds
  A leopard gecko skeleton (D:6)
  A quokka skeleton (D:4)
  A quokka zombie (D:10)
  23 rats
  4 plants (Lab)
275 creatures vanquished.

Vanquished Creatures (others)
  A howler monkey zombie (D:7)
  2 plants (Lab)
3 creatures vanquished.

Grand Total: 278 creatures vanquished

Notes
Turn   | Place    | Note
-------+----------+-------------------------------------------
     0 | D:1      | 4thArraOfDagon the Demigod Gladiator began the quest for the Orb.
     0 | D:1      | Reached XP level 1. HP: 17/17 MP: 3/3
     0 | D:1      | tempo
     0 | D:1      | https://www.mixcloud.com/residentadvisor/ra190/
     0 | D:1      | Noticed a minotaur skeleton
   197 | D:1      | Reached XP level 2. HP: 22/24 MP: 4/4
   901 | D:2      | Reached XP level 3. HP: 29/30 MP: 5/5
  1325 | D:3      | Noticed tsouns's ghost (amateur OpMo)
  1673 | D:4      | Found a radiant altar of Vehumet.
  1691 | D:4      | Reached XP level 4. HP: 10/39 MP: 6/6
  1767 | D:4      | Noticed Blork the orc
  1779 | D:4      | Killed Blork the orc
  1784 | D:4      | Reached XP level 5. HP: 23/47 MP: 7/7
  1809 | D:4      | Found a glowing drain.
  1842 | Sewer    | Entered a sewer
  1889 | Sewer    | Reached skill level 5 in Fighting
  1916 | Sewer    | Reached skill level 1 in Polearms
  1963 | Sewer    | Reached skill level 2 in Polearms
  2006 | Sewer    | Reached skill level 3 in Polearms
  2006 | Sewer    | Reached XP level 6. HP: 34/56 MP: 8/8
  2135 | Sewer    | Reached skill level 4 in Polearms
  2401 | D:4      | Noticed Sigmund
  2416 | D:4      | Killed Sigmund
  2416 | D:4      | Reached skill level 5 in Polearms
  2416 | D:4      | Reached XP level 7. HP: 61/61 MP: 9/9
  2549 | D:4      | Found a staircase to the Ecumenical Temple.
  2653 | D:5      | Entered Level 5 of the Dungeon
  2716 | D:5      | Reached skill level 6 in Polearms
  2819 | D:6      | Reached skill level 7 in Polearms
  2915 | D:5      | Reached XP level 8. HP: 42/68 MP: 10/10
  3145 | D:4      | Found a shadowy altar of Dithmenos.
  3200 | D:5      | Reached skill level 8 in Polearms
  3203 | D:5      | Noticed a hippogriff
  3212 | D:5      | Killed a hippogriff
  3277 | D:6      | Noticed Edmund
  3291 | D:6      | Reached skill level 9 in Polearms
  3292 | D:6      | Killed Edmund
  3436 | D:6      | Reached skill level 10 in Polearms
  3493 | D:6      | Found a deep blue altar of Sif Muna.
  3495 | D:6      | Noticed Duvessa
  3495 | D:6      | Noticed Dowan
  3524 | D:6      | Killed Duvessa
  3524 | D:6      | Reached XP level 9. HP: 58/74 MP: 11/11
  3532 | D:6      | Killed Dowan
  3606 | D:6      | Learned a level 2 spell: Blink
  4293 | D:7      | Found Gaky's Distillery.
  4297 | D:7      | Noticed Pikel
  4298 | D:7      | Bought a potion of might for 56 gold pieces
  4298 | D:7      | Bought a potion of might for 56 gold pieces
  4298 | D:7      | Bought 2 potions of degeneration for 28 gold pieces
  4317 | D:7      | Killed Pikel
  4317 | D:7      | Reached skill level 11 in Polearms
  4941 | D:8      | Noticed Maurice
  4951 | D:8      | Killed Maurice
  4951 | D:8      | Reached skill level 12 in Polearms
  5208 | D:9      | Noticed a two-headed ogre
  5234 | D:9      | Killed a two-headed ogre
  5234 | D:9      | Reached XP level 10. HP: 16/81 MP: 13/13
  5515 | D:9      | Found an iron altar of Okawaru.
  5605 | D:9      | Reached skill level 13 in Polearms
  5635 | D:9      | Found a burning altar of Makhleb.
  5872 | D:10     | Entered Level 10 of the Dungeon
  5914 | D:10     | Noticed a centaur warrior
  5926 | D:10     | Killed a centaur warrior
  6215 | D:10     | Reached skill level 14 in Polearms
  6402 | D:10     | Noticed Sonja
  6406 | D:10     | Killed Sonja
  6542 | D:10     | Found a staircase to the Lair.
  6579 | D:11     | Found a labyrinth entrance.
  6602 | D:11     | Noticed a soul eater
  6627 | Lab      | Entered a labyrinth
  6857 | Lab      | Reached XP level 11. HP: 61/86 MP: 14/14
  7124 | Lab      | Noticed a minotaur
  7134 | Lab      | Slain by a minotaur

Vault maps used:
D:1:      shiori_arrival_whats_in_store_for_you
D:2:      uniq_robin
D:3:      wad_pebble_path, lemuel_crystal_altar, chequers_ecumenical_altar_grove
D:4:      lemuel_upstairs_altar, vehumet_altar_wand_db, temple_doors_ab,
          cheibrodos_sewer_entry_bend, first_ration, uniq_sigmund,
          uniq_blork_the_orc
D:6:      kennysheep_little_box, uniq_duvessa, uniq_edmund
D:7:      serial_shops, shop, grunt_ogre_cave, uniq_joseph, uniq_pikel,
          uniq_prince_ribbit1
D:8:      uniq_maurice
D:9:      kennysheep_okawaru_gauntlet, bloody_makhleb
D:10:     lair_entry_dummy, david_orc_4, uniq_sonja
D:11:     basic_altar, lab_entry_generic, xom_shifter_show
Lab:      nicolae_lab_dead_adventurers, nicolae_lab_t_cross, nicolae_lab_grate,
          nicolae_lab_blocks, nicolae_lab_stuck, nicolae_lab_garden,
          nicolae_lab_x, labyrinth_skeletal_remains, nicolae_lab_hexagon,
          labyrinth_lava_lair
Sewer:    sewer_minmay_treatment

Skill      XL: |  1  2  3  4  5  6  7  8  9 10 |
---------------+-------------------------------+-----
Fighting       | 2 3 4 5 |  5.0
Staves         | 3 |  3.0
Dodging        | 3 |  3.0
Polearms       | 3 5 7 10 12 14 | 14.7
Throwing       | |  1.7

Action                   |  1- 3 |  4- 6 |  7- 9 | 10-12 || total
-------------------------+-------+-------+-------+-------++-------
Melee: Quarterstaff      |   132 |    11 |       |       ||   143
       Glaive            |       |   110 |   291 |   312 ||   713
Throw: Throwing net      |       |     2 |       |       ||     2
Evoke: Wand              |       |     4 |     3 |     9 ||    16
  Use: Scroll            |    10 |     1 |     9 |     1 ||    21
       Potion            |       |     1 |       |     4 ||     5
 Stab: Sleeping          |     1 |     1 |       |       ||     2
       Paralysed         |       |       |       |     5 ||     5
  Eat: Chunk             |     2 |     3 |    10 |     6 ||    21
       Ration            |       |       |       |     3 ||     3
Armor: Leather armour    |    31 |    31 |    17 |       ||    79
       Scale mail        |       |       |    60 |   122 ||   182
       Chain mail        |       |       |     1 |       ||     1
Dodge: Dodged            |    76 |    82 |   139 |   145 ||   442

Table legend:
 A = Spawn XP
 B = Non-spawn XP
 C = Spawn XP percentage of total XP
 D = Spawn monster count
 E = Non-spawn monster count
 F = Spawn count percentage of total count
 G = Total turns spent on level
                    A         B        C        D         E        F      G
               +---------+---------+-------+---------+---------+-------+---------
         Total |       0 |   13968 |   0.0 |       0 |     270 |   0.0 |  7134
               +---------+---------+-------+---------+---------+-------+---------
           D:1 |       0 |      35 |   0.0 |       0 |      22 |   0.0 |   871
           D:2 |       0 |      63 |   0.0 |       0 |      22 |   0.0 |   469
           D:3 |       0 |      17 |   0.0 |       0 |       9 |   0.0 |   294
           D:4 |       0 |     531 |   0.0 |       0 |      10 |   0.0 |   587
           D:5 |       0 |    1117 |   0.0 |       0 |      28 |   0.0 |   525
           D:6 |       0 |    1530 |   0.0 |       0 |      22 |   0.0 |   791
           D:7 |       0 |    1046 |   0.0 |       0 |       7 |   0.0 |   560
           D:8 |       0 |    1118 |   0.0 |       0 |      17 |   0.0 |   604
           D:9 |       0 |    2695 |   0.0 |       0 |      40 |   0.0 |   730
          D:10 |       0 |    4228 |   0.0 |       0 |      36 |   0.0 |   718
          D:11 |       0 |       2 |   0.0 |       0 |       1 |   0.0 |    35
           Lab |       0 |    1114 |   0.0 |       0 |       8 |   0.0 |   507
         Sewer |       0 |     472 |   0.0 |       0 |      48 |   0.0 |   443
               +---------+---------+-------+---------+---------+-------+---------
